 Dungeon Crawl Stone Soup version 0.29.1-2-gbd0b4ee654 (webtiles) character file.

Game seed: 16134808142874231282

3012 Icepheonix32 the Reanimator (level 9, -1/62 HPs)
             Began as a Demigod Necromancer on Nov 2, 2022.
             Succumbed to a killer bee's poison
             ... on level 7 of the Dungeon.
             The game lasted 00:24:18 (9926 turns).

Icepheonix32 the Reanimator (Demigod Necromancer)   Turns: 9926, Time: 00:24:19

Health: -1/62      AC:  5    Str: 13    XL:     9   Next: 30%
Magic:  4/14       EV: 14    Int: 30    God:
Gold:   1343       SH:  5    Dex: 18    Spells: 3/11 levels left

rFire   . . .      SeeInvis +   z - +4 dagger
rCold   . . .      Faith    .   (no shield)
rNeg    . . .      Spirit   .   u - +0 robe "Ewihuumi" {Int+3}
rPois   .          Reflect  +   (no helmet)
rElec   .          Harm     .   d - +2 cloak
rCorr   .          Rampage  .   (no gloves)
Will    .....                   (no boots)
Stlth   ++........              o - amulet of reflection
HPRegen 0.20/turn               g - +6 ring of intelligence
MPRegen 0.14/turn               f - ring of see invisible

@: lethally poisoned (-1 -> -17)
A: high MP 1, forlorn, divine attributes
a: no special abilities


You were on level 7 of the Dungeon.
You visited 1 branch of the dungeon, and saw 7 of its levels.

You collected 1343 gold pieces.

Inventory:

Hand Weapons
 c - a +0 dagger
 q - a +0 dagger of protection
 y - a +0 vampiric dagger
 z - a +4 dagger (weapon)
Missiles
 h - 3 boomerangs
 v - 2 throwing nets
Armour
 a - a +1 robe
 d - a +2 cloak (worn)
 l - a +2 scale mail of fire resistance
 r - an orb of energy
 u - the +0 robe "Ewihuumi" (worn) {Int+3}
   (You found it on level 4 of the Dungeon)

   Int:       It affects your intelligence (+3).
Jewellery
 f - a ring of see invisible (right hand)
 g - a +6 ring of intelligence (left hand)
 o - an amulet of reflection (around neck)
Wands
 j - a wand of charming (6)
Scrolls
 b - a scroll of amnesia
 e - a scroll of enchant armour
 k - a scroll of silence
 m - a scroll of identify
 n - 3 scrolls of teleportation
 p - a scroll of fear
 w - a scroll of magic mapping {unknown}
 A - a scroll of poison {unknown}
Potions
 i - 2 potions of attraction
 s - a potion of magic
 t - a potion of flight
 x - a potion of brilliance


   Skills:
 * Level 3.7 Armour
 + Level 4.0 Dodging
 - Level 1.7 Stealth
 - Level 1.7 Spellcasting
 * Level 11.0 Necromancy
 * Level 3.4 Evocations


You had 3 spell levels left.
You knew the following spells:

 Your Spells              Type           Power      Damage    Failure   Level
a - Necrotise             Necr           100%       1d9       1%          1
b - Vampiric Draining     Necr           62%        2d10      1%          3
c - Animate Dead          Necr           62%        N/A       1%          4

Your spell library contained the following spells:

 Spells                   Type           Power      Damage    Failure   Level
 Sandblast                Erth           4%         2d4       9%          1
 Ensorcelled Hibernation  Hex/Ice        4%         N/A       12%         2
 Passwall                 Tmut/Erth      1%         N/A       12%         2
 Poisonous Vapours        Pois/Air       4%         N/A       12%         2
 Gell's Gravitas          Tloc           2%         N/A       24%         3
 Lesser Beckoning         Tloc           2%         N/A       24%         3
 Stone Arrow              Conj/Erth      4%         3d7       24%         3
 Swiftness                Air            2%         N/A       24%         3
 Teleport Other           Tloc           2%         N/A       24%         3
 Agony                    Necr           62%        N/A       2%          5
 Corpse Rot               Necr/Pois/Air  24%        N/A       19%         4
 Fulminant Prism          Conj/Hex       1%         3d6       63%         4
 Iskenderun's Mystic Bla  Conj/Tloc      2%         2d3       63%         4
 Blade Hands              Tmut           1%         N/A       92%         5
 Irradiate                Conj/Tmut      1%         3d12      92%         5
 Lee's Rapid Deconstruct  Erth           1%         3d5*      92%         5
 Dragon Form              Tmut           1%         N/A       100%        7


Dungeon Overview and Level Annotations

Branches:
Dungeon (7/15)             Temple (0/1) D:5

Shops:
D:6 :

Annotations:
D:5 Grinder


Innate Abilities, Weirdness & Mutations

You have an increased reservoir of magic. (+10% MP)
You shall have no god before yourself.
Your divine heritage dramatically boosts your attributes as you level up.


Message History

You block the killer bee's attack. The killer bee barely misses you.
Unknown command.
Casting: Necrotise (safe; 1% risk of failure)
Confirm with . or Enter, or press ? or * to list all spells.
Aiming: Necrotise (safe; 1% risk of failure)
Press: ? - help, Shift-Dir - straight line, f/p - killer bee
Aim: a killer bee (moderately wounded, chance to affect: 88%)
The killer bee writhes in agony.
You feel sick. The killer bee stings you.
* * * LOW HITPOINT WARNING * * *
You are more poisoned.
The killer bee poisons you!
The killer bee stings you but does no damage.
Casting: Necrotise (safe; 1% risk of failure)
Confirm with . or Enter, or press ? or * to list all spells.
Aiming: Necrotise (safe; 1% risk of failure)
Press: ? - help, Shift-Dir - straight line, f/p - killer bee
Aim: a killer bee (heavily wounded, chance to affect: 88%)
The killer bee writhes in agony!
* * * LOW HITPOINT WARNING * * *
You feel very sick. The killer bee stings you.
* * * LOW HITPOINT WARNING * * *
You are more poisoned.
The killer bee poisons you!
The killer bee stings you but does no damage.
Unknown command.
Okay, then.
Casting: Necrotise (safe; 1% risk of failure)
Confirm with . or Enter, or press ? or * to list all spells.
Aiming: Necrotise (safe; 1% risk of failure)
Press: ? - help, Shift-Dir - straight line, f/p - killer bee
Aim: a killer bee (almost dead, chance to affect: 88%)
The killer bee writhes in agony.
You kill the killer bee!
* * * LOW HITPOINT WARNING * * *
You feel very sick.
Your Necromancy skill increases to level 11!
Unknown command.
You close the door.
You die...

... ...#...##.#
##'####''####...#....#.#
................#....+.#
................#....#.#
................#...##.#
................#...##.#
................'......#
................#......#
......†@........###.####
######+#######....#.###
... #....#...+ .....
#....+...# #......
#...)#...# #..####
######....###+#
#..######...#####.......
#. ......y<..# #.......
.......y..# #..)....


There were no monsters in sight!

Vanquished Creatures
  4 water moccasins
  3 ice beasts
  An ogre (D:6)
  2 phantoms
  2 necrophages
  3 bullfrogs (D:7)
  A gnoll sergeant (D:6)
  3 scorpions
  2 wights (D:7)
  8 killer bees
  A howler monkey (D:6)
  5 hounds
  A jelly (D:4)
  3 orc priests
  Terence (D:2)
  3 orc wizards
  Robin (D:2)
  20 gnolls
  9 adders
  A shadow imp (D:7)
  2 white imps
  An ufetubus (D:4)
  2 worms (D:3)
  3 dart slugs
  18 orcs
  7 ball pythons
  8 bats
  7 endoplasms
  8 giant cockroaches
  18 goblins
  8 hobgoblins
  7 jackals
  A quokka (D:5)
  3 frilled lizards
  5 kobolds
  4 rats
176 creatures vanquished.

Vanquished Creatures (collateral kills)
  A sky beast (D:4)
  A bullfrog (D:7)
  A necrophage (D:6)
  A jelly (D:6)
  A gnoll (D:6)
  3 orcs (D:6)
  A ball python (D:1)
  An endoplasm (D:3)
  A goblin (D:1)
  A bat (D:1)
  A rat (D:3)
13 creatures vanquished.

Vanquished Creatures (others)
  A water moccasin zombie (D:6)
  A scorpion zombie (D:6)
  A gnoll (D:6)
  6 gnoll zombies (D:6)
  3 orc zombies (D:6)
12 creatures vanquished.

Grand Total: 201 creatures vanquished

Notes
Turn   | Place    | Note
-------+----------+-------------------------------------------
     0 | D:1      | Icepheonix32 the Demigod Necromancer began the quest for
                  | the Orb.
     0 | D:1      | Reached XP level 1. HP: 14/14 MP: 5/5
   176 | D:1      | Reached skill level 4 in Necromancy
   179 | D:1      | Reached XP level 2. HP: 20/20 MP: 0/7
   507 | D:1      | Reached XP level 3. HP: 23/26 MP: 0/8
  1282 | D:2      | Noticed Robin
  1314 | D:2      | Killed Robin
  1414 | D:2      | Reached skill level 5 in Necromancy
  1833 | D:2      | Reached XP level 4. HP: 33/33 MP: 3/9
  2003 | D:2      | Noticed Terence
  2010 | D:2      | Killed Terence
  2872 | D:3      | Learned a level 3 spell: Vampiric Draining
  3316 | D:3      | Reached XP level 5. HP: 38/38 MP: 1/10
  3846 | D:4      | Reached skill level 1 in Armour
  3846 | D:4      | Reached skill level 6 in Necromancy
  4102 | D:4      | Identified the +0 robe "Ewihuumi" {Int+3}
  4161 | D:4      | Reached XP level 6. HP: 12/45 MP: 2/11
  4386 | D:4      | Reached skill level 1 in Evocations
  4480 | D:4      | Reached skill level 7 in Necromancy
  5320 | D:4      | Reached XP level 7. HP: 36/43 MP: 4/12
  5760 | D:4      | Identified a scroll of acquirement
  5906 | D:4      | Acquired 1025 gold pieces
  5933 | D:5      | Entered Level 5 of the Dungeon
  5942 | D:5      | Learned a level 4 spell: Animate Dead
  5949 | D:5      | Noticed Grinder
  6374 | D:5      | Reached skill level 8 in Necromancy
  6417 | D:5      | Found a staircase to the Ecumenical Temple.
  6503 | D:6      | Found Uppif's Self-Improvement Boutique.
  6561 | D:6      | Reached XP level 8. HP: 11/57 MP: 1/13
  7796 | D:6      | Reached skill level 9 in Necromancy
  8715 | D:5      | Reached skill level 10 in Necromancy
  9256 | D:7      | Reached XP level 9. HP: 44/62 MP: 8/14
  9925 | D:7      | HP: 3/62 [poisoned by a killer bee]
  9926 | D:7      | Reached skill level 11 in Necromancy
  9926 | D:7      | Succumbed to a killer bee's poison

Illustrated notes

Levels and vault maps discovered:
D:1:      lemuel_arrival_broad_hall, layout_basic, nicolae_figureground_sparkle
D:2:      layout_loops_ring, hellmonk_ecumenical_altar_heavens_door,
          grunt_ministairs_14, minmay_misc_feat_columns, patterned_corridor,
          uniq_robin, uniq_terence
D:3:      layout_basic, minmay_joined_circles
D:4:      cheibrodos_barr_body, layout_basic, nicolae_uskayaw_dance_hall,
          mainiacjoe_overflow_tiny_flanked
D:5:      layout_gridville, minmay_temple_entry_from_below_b, uniq_grinder
D:6:      layout_basic, nicolae_shop_self_help
D:7:      layout_gridville, nrook_uturn, kennysheep_generic_room_6

Skill      XL: |  1  2  3  4  5  6  7  8  9 |
---------------+----------------------------+-----
Necromancy     | 4 5 6 7 8 10 11 | 11.0
Dodging        | 2 3 4 |  4.0
Armour         | 1 2 3 |  3.7
Evocations     | 1 2 3 |  3.4
Stealth        | |  1.7
Spellcasting   | |  1.7

Action                   |  1- 3 |  4- 6 |  7- 9 || total
-------------------------+-------+-------+-------++-------
Melee: Dagger            |    34 |   105 |   217 ||   356
       Punch             |       |     1 |     4 ||     5
Throw: Boomerang         |       |       |     4 ||     4
 Cast: Necrotise         |    70 |   133 |   196 ||   399
       Vampiric Draining |       |     3 |     2 ||     5
       Animate Dead      |       |       |     3 ||     3
Evoke: Wand              |       |       |     9 ||     9
  Use: Scroll            |     5 |     1 |    13 ||    19
       Potion            |       |    10 |    10 ||    20
 Stab: Sleeping          |     1 |     4 |     4 ||     9
       Distracted        |       |       |     2 ||     2
Armor: Robe              |     8 |    22 |    71 ||   101
       Skin              |       |       |    18 ||    18
Dodge: Dodged            |    39 |   104 |   202 ||   345
Block: Other             |       |       |    41 ||    41
       Reflection        |       |       |     1 ||     1
